AoeStats
← Random

African Clearing

504876203Analyzed
4v4 RM · 26d ago on Sep 6, 2026· 24m 18s· 8 players
Game mode
Random Map
Map size
Large (8 player)
Population
200
Speed
Normal
Resources
Standard
Victory
Conquest
Starting age
Dark Age
Ending age
Imperial Age
RankedLock teamsTeams togetherTeam positionsShared explorationLock speedFull tech treeHidden civsTurbo modeCheats
Victory
Defeat
🇧🇷 Franks · Brazil
1713
+13
🇦🇷 Poles · Argentina
1675
+15
🇨🇴 Huns · Colombia
1370
+27
🇦🇷 Vikings · Argentina
1250
+29
🇦🇹 Bohemians · Austria
1647
-21
🇺🇸 Bulgarians · United States
1641
-21
🇺🇸 Britons · United States
1622
-21
🇩🇪 Bengalis · Germany
1607
-21
Matzeking
10:54 Loom
13:29 Feudal Age
AntiMetaist
14:19 Feudal Age
14:53 Loom
18:42 Castle Age
Random
9:38 Loom
11:46 Feudal Age
12:32 Double-Bit Axe
17:29 Fletching
19:02 Horse Collar
19:14 Gold Mining
20:44 Wheelbarrow
21:35 Padded Archer Armor
25:04 Castle Age
23:28 Scale Mail Armor
Lastmantillidie
12:19 Loom
14:05 Feudal Age
15:25 Double-Bit Axe
18:32 Castle Age
18:11 Horse Collar
20:03 Bow Saw
22:01 Heavy Plow
23:52 Fervor
24:47 Wheelbarrow
Cr3wCo
3:19 Loom
12:16 Feudal Age
12:57 Town Watch
13:03 Double-Bit Axe
15:24 Scale Barding Armor
21:20 Castle Age
21:49 Fletching
22:42 Bodkin Arrow
Oni.NachoAoE
12:17 Feudal Age
12:45 Double-Bit Axe
14:30 Loom
16:42 Forging
23:08 Castle Age
22:16 Scale Barding Armor
22:07 Gold Mining
23:20 Light Cavalry
24:21 Bow Saw
Nick12
11:54 Loom
13:40 Feudal Age
15:52 Double-Bit Axe
18:51 Castle Age
18:43 Scale Mail Armor
18:53 Forging
18:37 Double-Bit Axe
20:50 Horse Collar
21:24 Bow Saw
EL_REY_TUT
7:54 Loom
11:24 Feudal Age
11:56 Double-Bit Axe
13:02 Town Watch
13:09 Fletching
16:36 Padded Archer Armor
23:24 Horse Collar
Connection lost

Rejoining the realm…

Still unreachable

The connection could not be restored.

Session expired

The server has moved on; the page needs a fresh start.